Cogmind - Beta 10.2 @@@ ROGUE MODE // 2021.02.16 @ 01:00:32 Player: Momo Result: Destroyed by OP-5VA(z) with Zionite Laser-S Performance ------------- Evolutions (1) 500 Regions Visited (6) 1200 Robots Destroyed (79) 395 Value Destroyed (1845) 1845 Prototype IDs (11) 220 Alien Tech Used (0) 0 Bonus (221) 221 TOTAL SCORE: 4381 Bonus ------- High Alert Combat Kills 19 Follower Combat Kills 240 Met Imprinter 300 Friendly Fire -338 Cogmind --------- Core Integrity 0/400 Matter 16/300 Energy 100/100 System Corruption 0% Temperature Cool (18) Movement Core (1000) Ox19 Location -7/Deep Caves Parts ------- > --- POWER (1) -------- Zionite Light DM Reactor > --- PROPULSION (2) --- (None) > --- UTILITY (3) ------ Large Storage Unit Large Storage Unit Large Storage Unit > --- WEAPON (3) ------- (None) > --- INVENTORY (22) --- Makeshift Power Source Combat Airjet Makeshift Flight Unit Improved Heat Sink Large Storage Unit Large Matter Pod (150) Advanced Sensor Array Improved Signal Interpreter Advanced Terrain Scanner Makeshift Terrain Scan Processor Makeshift Hacking Suite Makeshift System Shield Bomb Factory No. 2 Arc Projector Ion Cannon Makeshift Axe Makeshift Spear Makeshift Spear Peak State ------------ > --- POWER ------------ Zionite Light DM Reactor > --- PROPULSION ------- Zionite Composite Leg I Zionite Glidesys I > --- UTILITY ---------- Large Storage Unit Large Storage Unit Large Storage Unit > --- WEAPON ----------- Grenade Launcher Rocket Launcher > --- INVENTORY -------- Makeshift Power Source Combat Airjet Makeshift Flight Unit Improved Heat Sink Large Storage Unit Large Matter Pod Advanced Sensor Array Improved Signal Interpreter Advanced Terrain Scanner Makeshift Terrain Scan Processor Makeshift Hacking Suite Makeshift System Shield Bomb Factory No. 2 Arc Projector Ion Cannon Makeshift Axe Makeshift Spear Makeshift Spear [Rating: 32] Favorites ----------- Power Light Ion Engine Engine Light Ion Engine Reactor Zionite Light DM Reactor Propulsion Compact Wheel Treads Medium Treads Leg Aluminum Leg Wheel Compact Wheel Hover Unit Zionite Glidesys I Utility Large Storage Unit Device Heat Sink Storage Large Storage Unit Weapon Ion Cannon Energy Gun Beam Rifle Energy Cannon Ion Cannon Ballistic Gun Heavy Assault Rifle Launcher Mini Grenade Launcher Special Weapon Mining Laser Impact Weapon Mace Slashing Weapon Makeshift Axe Piercing Weapon Makeshift Spear Build | -11 -10 -10 -9 -9 -7 -7 ------- Run | Scr Mat Min Mat Min Zio Dee Slots Evolved 2 | . . . 2 . . . Power . | . . . . . . . Propulsion . | . . . . . . . Utility 1 | . . . 1 . . . Weapon 1 | . . . 1 . . . Parts Attached 76 | 5 20 6 25 5 9 6 Power 8 | . 2 1 2 1 1 1 Engine 7 | . 2 1 2 1 1 . Core . | . . . . . . . Reactor 1 | . . . . . . 1 Propulsion 17 | 2 4 1 3 2 2 3 Treads 3 | . . . . . 2 1 Leg 2 | . . . 1 . . 1 Wheel 11 | 2 4 1 2 2 . . Hover 1 | . . . . . . 1 Flight . | . . . . . . . Utility 9 | 1 4 . 4 . . . Device 4 | . 2 . 2 . . . Storage 5 | 1 2 . 2 . . . Processor . | . . . . . . . Hackware . | . . . . . . . Protection . | . . . . . . . Artifact . | . . . . . . . Weapon 42 | 2 10 4 16 2 6 2 Energy Gun 19 | 1 9 2 6 . . 1 Energy Cannon 8 | . . . 5 2 1 . Ballistic Gun 2 | 1 . . 1 . . . Ballistic Cannon . | . . . . . . . Launcher 4 | . . . 2 . 1 1 Special Weapon 2 | . 1 1 . . . . Impact Weapon 3 | . . 1 2 . . . Slashing Weapon 2 | . . . . . 2 . Piercing Weapon 2 | . . . . . 2 . Special Melee Weapon . | . . . . . . . Unidentified Prototypes 3 | . . . . . . 3 Parts Lost 34 | . 6 4 10 2 6 6 Power 6 | . 1 . 2 1 1 1 Propulsion 9 | . 2 1 2 . 2 2 Utility 1 | . . . 1 . . . Weapon 18 | . 3 3 5 1 3 3 Highest Loss Streak 5 | . 5 4 4 2 3 3 Average Slot Usage (%) 93 | . 80 95 94 98 97 81 Engine 9 | . 6 10 10 10 10 4 Treads 1 | . . . . . 4 8 Wheel 19 | . 25 27 19 22 16 . Device 4 | . 9 14 6 . . . Storage 26 | . 12 14 26 33 33 33 Energy Gun 6 | . 22 14 7 . . . Energy Cannon 11 | . . . 10 20 19 . Launcher 7 | . . . 7 11 10 17 Impact Weapon 1 | . . 10 1 . . . Naked Turns 8 | . 8 . . . . . Heaviest Build 73 | 7 28 27 73 68 66 65 Greatest Support 56 | 20 24 24 26 32 48 56 Greatest Overweight (x) 7 | . 7 2 6 2 3 2 Average Overweight (x) 1 | . . . 2 2 1 1 Largest Inventory Capacity 22 | 6 10 10 22 22 22 22 Average Capacity 17 | 5 7 10 18 22 22 22 Most Carried 22 | . 7 10 20 22 22 20 Average Carried 15 | . 4 8 14 21 21 19 Final Capacity 22 | 6 10 10 22 22 22 22 Final Carried 22 | . 7 10 20 22 20 19 Class Distribution -------------------- 50% | Hauler-Mutant 34% | Mutant 7% | Hauler-Gunner Dominant Class ---------------- Mutant | -10/Materials Mutant | -10/Mines Hauler-Mutant | -9/Materials Hauler-Mutant | -9/Mines Hauler-Mutant | -7/Zion Hauler-Mutant | -7/Deep Caves Resources | -11 -10 -10 -9 -9 -7 -7 ----------- Run | Scr Mat Min Mat Min Zio Dee Matter Collected 1260 | 220 194 226 300 130 170 20 Remotely . | . . . . . . . Salvage Created 2013 | . 392 241 831 124 352 73 Parts 154 | . 23 11 70 11 36 3 Haulers Intercepted 2 | . . . 2 . . . Recyclers Shooed . | . . . . . . . Parts Field Recycled . | . . . . . . . Retrieved Matter . | . . . . . . . Parts Self-Destructed . | . . . . . . . Prevented . | . . . . . . . Kills | -11 -10 -10 -9 -9 -7 -7 ------- Run | Scr Mat Min Mat Min Zio Dee Combat Hostiles Destroyed 68 | . 11 8 24 16 4 5 Melee 1 | . . 1 . . . . Guns 19 | . 10 4 5 . . . Cannons 17 | . 1 2 6 6 2 . AOE 30 | . . . 13 10 2 5 Classes Destroyed 14 | . 2 1 6 1 3 1 Worker 1 | . . . . 1 . . Builder 1 | . . . 1 . . . Hauler 2 | . . . 2 . . . Recycler 1 | . . . 1 . . . Watcher 2 | . . . 2 . . . Swarmer 22 | . 2 . 14 6 . . Grunt 17 | . 9 6 2 . . . Duelist 1 | . . . 1 . . . Sentry 7 | . . . 7 . . . Zionite 16 | . . . . . 16 . Z-Light 5 | . . . . . . 5 Tinkerer 1 | . . . . . 1 . Assembled 12 | . . 2 . 10 . . Mutant 3 | . . . . . 3 . Best Kill Streak 8 | . 3 5 8 5 5 5 Combat Bots Only 7 | . 3 5 7 4 2 5 Max Kills in Single Turn 5 | . 2 1 5 4 2 3 Gunslinging 1 | . 1 . . . . . Exploded 4 | . . . 4 3 1 3 Melee 1 | . . 1 . . . . Uniques/NPCs Destroyed 1 | . . . . . 1 . Imprinter (-7/Zion) Combat | -11 -10 -10 -9 -9 -7 -7 -------- Run | Scr Mat Min Mat Min Zio Dee Damage Taken 3532 | . 686 344 683 339 573 907 Core 647 | . 158 87 90 116 82 114 Absorbed by Shields . | . . . . . . . Core Remaining (%) 51 | 100 . 2 . . . . Volleys Fired 197 | . 33 31 53 21 50 9 Largest 3 | . 2 2 3 3 3 2 Hottest 180 | . 112 112 180 170 170 63 Shots Fired 303 | . 58 34 90 43 67 11 Gun 124 | . 57 21 46 . . . Cannon 112 | . . . 36 35 41 . Launcher 53 | . . . 8 8 26 11 Special 14 | . 1 13 . . . . Kinetic 18 | . 18 . . . . . Thermal 223 | . 40 34 73 35 41 . Explosive 53 | . . . 8 8 26 11 Electromagnetic 9 | . . . 9 . . . Robot Hit Streak 10 | . 10 8 10 5 8 3 Robot Miss Streak 4 | . 4 2 3 3 2 2 Penetration Max . | . . . . . . . Secondary Targets 7 | . 4 . 3 . . . Max Gunslinging Chain 1 | . 1 . 1 . . . Shots Hit Robots 162 | . 39 18 48 16 37 4 Core Hits 150 | . 18 10 42 24 35 21 Critical Hits . | . . . . . . . Critical Kills . | . . . . . . . Critical Parts Destroyed . | . . . . . . . Melee Attacks 14 | . . 2 6 . 6 . Impact 8 | . . 2 6 . . . Slashing 5 | . . . . . 5 . Piercing 1 | . . . . . 1 . Sneak Attacks 1 | . . . . . 1 . Combat Hostiles . | . . . . . . . Follow-up Attacks 2 | . . . . . 2 . Damage Inflicted 5928 | . 525 334 1539 892 1628 1010 Guns 1195 | . 499 232 464 . . . Cannons 1146 | . . . 362 289 495 . Explosions 3219 | . . . 713 603 893 1010 Melee 290 | . . 50 . . 240 . Ramming . | . . . . . . . Kinetic 105 | . 105 . . . . . Thermal 2211 | . 420 284 723 289 495 . Explosive 3219 | . . . 713 603 893 1010 Electromagnetic 103 | . . . 103 . . . Impact 50 | . . 50 . . . . Slashing 132 | . . . . . 132 . Piercing 108 | . . . . . 108 . Highest Corruption 2 | . . . 2 2 2 . Average Corruption 2 | . . . 2 2 2 . Corruption Purged . | . . . . . . . Effects 21 | . . . 11 8 2 . Message Errors 7 | . . . 3 3 1 . Heat Flow Errors 5 | . . . 2 3 . . Energy Discharges 4 | . . . 2 2 . . Data Loss (minor) 3 | . . . 2 . 1 . Targeting Errors 1 | . . . 1 . . . Weapon Failures 1 | . . . 1 . . . Overload Shots . | . . . . . . . Overflow Damage 71 | . . 4 6 . 37 24 Projectiles 5 | . . . . . 5 . Explosions 62 | . . . 6 . 32 24 Melee 4 | . . 4 . . . . Knockbacks . | . . . . . . . Impact . | . . . . . . . Kinetic . | . . . . . . . Secondary . | . . . . . . . Self-Inflicted Damage 70 | . . . 26 . 44 . Shots 3 | . . . 1 . 2 . Rammed . | . . . . . . . Targets Rammed . | . . . . . . . Kicked . | . . . . . . . Crushed . | . . . . . . . Highest Temperature 375 | . 186 18 309 345 375 95 Average Temperature 83 | . 62 5 80 100 102 54 Received Heat Transfer 939 | . 285 72 126 60 108 288 Effects 5 | . . . 4 . 1 . Energy Bleed 2 | . . . 2 . . . Interference 3 | . . . 2 . 1 . Siege Activations . | . . . . . . . Robots Corrupted . | . . . . . . . Combat Hostiles . | . . . . . . . Parts Fried 2 | . . 2 . . . . Impact Corruptions 1 | . . 1 . . . . Robots Melted . | . . . . . . . Combat Hostiles . | . . . . . . . Parts Melted 6 | . 1 . 2 . 3 . Heat Transferred 4594 | . 1049 692 1486 483 884 . Parts Sabotaged . | . . . . . . . Parts Stolen . | . . . . . . . Parts Stripped . | . . . . . . . Power Chain Reactions . | . . . . . . . Missiles Intercepted . | . . . . . . . Alert | -11 -10 -10 -9 -9 -7 -7 ------- Run | Scr Mat Min Mat Min Zio Dee Peak Influence 513 | . 260 174 513 165 . . Initial 95 | . . 70 . 95 . . Average 121 | . 135 51 189 70 . . Maximum Alert Level 2 | . 1 . 2 . . . Low Security (%) 80 | 100 82 100 57 100 . . Level 1 13 | . 17 . 27 . . . Level 2 5 | . . . 15 . . . Level 3 . | . . . . . . . Level 4 . | . . . . . . . Level 5 . | . . . . . . . High Security . | . . . . . . . Max Security . | . . . . . . . Squads Dispatched 5 | . 2 . 2 1 . . Investigation 4 | . 1 . 2 1 . . Extermination . | . . . . . . . Reinforcement 1 | . 1 . . . . . Assault . | . . . . . . . Garrison . | . . . . . . . Intercept . | . . . . . . . Construction Impeded . | . . . . . . . Haulers Reinforced . | . . . . . . . Stealth | -11 -10 -10 -9 -9 -7 -7 --------- Run | Scr Mat Min Mat Min Zio Dee Distress Signals 4 | . . 1 3 . . . Communications Jammed . | . . . . . . . Distress Signals . | . . . . . . . Times Spotted 146 | . 32 9 42 26 28 9 Peak Tracking Total 12 | . 5 3 5 12 6 6 Tactical Retreats 12 | . 7 1 1 1 2 . Traps | -11 -10 -10 -9 -9 -7 -7 ------- Run | Scr Mat Min Mat Min Zio Dee Traps Triggered 8 | . 7 . 1 . . . Indirectly . | . . . . . . . Trap Hack Attempts . | . . . . . . . Triggered . | . . . . . . . Disarmed . | . . . . . . . Reprogrammed . | . . . . . . . Reused 1 | . . . . . 1 . Traps Extracted . | . . . . . . . Installed 4 | . . . . . 4 . Triggered . | . . . . . . . Machines | -11 -10 -10 -9 -9 -7 -7 ---------- Run | Scr Mat Min Mat Min Zio Dee Machines Disabled 3 | . . . 1 2 . . Max in Single Turn 1 | . . . 1 1 . . Machines Sabotaged . | . . . . . . . Garrisons Compromised . | . . . . . . . Overloaded Fab Kills . | . . . . . . . Fab Network Shutdowns . | . . . . . . . Hacking | -11 -10 -10 -9 -9 -7 -7 --------- Run | Scr Mat Min Mat Min Zio Dee Machines Accessed 16 | . 2 . 13 1 . . Terminals 14 | . 2 . 12 . . . Fabricators . | . . . . . . . Repair Stations . | . . . . . . . Recycling Units . | . . . . . . . Scanalyzers 1 | . . . 1 . . . Garrison Access . | . . . . . . . Total Hacks 39 | . 7 . 31 1 . . Successful 24 | . 4 . 19 1 . . Failed 15 | . 3 . 12 . . . Catastrophic 2 | . 1 . 1 . . . Database Lockouts . | . . . . . . . Manual 32 | . 7 . 20 . 5 . Terminals 36 | . 7 . 29 . . . Fabricators . | . . . . . . . Repair Stations . | . . . . . . . Recycling Units . | . . . . . . . Scanalyzers 2 | . . . 2 . . . Garrison Access . | . . . . . . . Terminal Hacks 19 | . 4 . 14 1 . . Robot Analysis 8 | . 3 . 5 . . . Prototype ID Bank 4 | . 1 . 3 . . . Open Door 1 | . . . . 1 . . Alert Level 1 | . . . 1 . . . Unreport Threat 2 | . . . 2 . . . Recall Investigation 1 | . . . 1 . . . Zone Layout 2 | . . . 2 . . . Fabricator Hacks . | . . . . . . . Repair Station Hacks . | . . . . . . . Recycling Unit Hacks . | . . . . . . . Scanalyzer 2 | . . . 2 . . . Insert Component 1 | . . . 1 . . . Analyze 1 | . . . 1 . . . Garrison Access Hacks . | . . . . . . . Unauthorized Hacks 3 | . . . 3 . . . Terminals 3 | . . . 3 . . . Track 1 | . . . 1 . . . Assimilate 1 | . . . 1 . . . Operators 1 | . . . 1 . . . Fabricators . | . . . . . . . Repair Stations . | . . . . . . . Recycling Units . | . . . . . . . Scanalyzers . | . . . . . . . Garrison Access . | . . . . . . . Data Cores Recovered . | . . . . . . . Used . | . . . . . . . Hacking Detections 15 | . 2 . 13 . . . Full Trace Events 1 | . . . 1 . . . Feedback Events . | . . . . . . . Feedback Blocked . | . . . . . . . Robot Schematics Acquired . | . . . . . . . Robots Built . | . . . . . . . Matter . | . . . . . . . Time . | . . . . . . . Total Robot Build Rating . | . . . . . . . Part Schematics Acquired 1 | . . . 1 . . . Parts Built . | . . . . . . . Matter . | . . . . . . . Time . | . . . . . . . Total Part Build Rating . | . . . . . . . Parts Repaired . | . . . . . . . Time . | . . . . . . . Parts Recycled . | . . . . . . . Recycled Matter . | . . . . . . . Retrieved Matter . | . . . . . . . Retrieved Components . | . . . . . . . Parts Scanalyzed 1 | . . . 1 . . . Part Schematics Acquired 1 | . . . 1 . . . Parts Damaged . | . . . . . . . Bothacking | -11 -10 -10 -9 -9 -7 -7 ------------ Run | Scr Mat Min Mat Min Zio Dee Used RIF Installer . | . . . . . . . Robots Hacked . | . . . . . . . Non-combat . | . . . . . . . Combat . | . . . . . . . Robot Hacks Applied . | . . . . . . . Relay Couplers Released . | . . . . . . . Robots Rewired . | . . . . . . . Allies Hacked . | . . . . . . . Hacks Repelled . | . . . . . . . Allies | -11 -10 -10 -9 -9 -7 -7 -------- Run | Scr Mat Min Mat Min Zio Dee Total Allies 6 | . . 5 1 . . . Largest Group 4 | . . 4 3 1 . . Highest-Rated Group 71 | . . 71 55 10 . . Highest-Rated Ally 31 | . . 31 31 10 . . Total Orders . | . . . . . . . Ally Attacks 32 | . . 12 20 . . . Total Damage 413 | . . 191 222 . . . Kills 11 | . . 4 7 . . . Allies Corrupted . | . . . . . . . Allies Melted . | . . . . . . . Intel | -11 -10 -10 -9 -9 -7 -7 ------- Run | Scr Mat Min Mat Min Zio Dee Robot Analysis Total 8 | . 3 . 5 . . . Derelict Logs Recovered 4 | . . 1 . 2 1 . Drone Launches . | . . . . . . . Drone Recoveries . | . . . . . . . Exploration | -11 -10 -10 -9 -9 -7 -7 ------------- Run | Scr Mat Min Mat Min Zio Dee Turns Passed 6099 | 31 701 865 1489 919 1669 425 Spaces Moved 4545 | 30 619 668 1152 705 1174 197 Core 77 | 2 75 . . . . . Treads 273 | . . . . . 151 122 Legs 18 | . . . . . . 18 Wheels 4120 | 28 544 668 1152 705 1023 . Hover 57 | . . . . . . 57 Flight . | . . . . . . . Fastest Speed 50 | 50 50 90 95 110 110 180 Average Speed 113 | 78 87 94 108 115 129 200 Slowest Speed 400 | 80 400 110 140 120 200 230 Overloaded Moves . | . . . . . . . Propulsion Burnouts . | . . . . . . . Robots Hopped . | . . . . . . . Cave-ins Triggered . | . . . . . . . Exploration Rate (%) 70 | 3 77 98 94 95 88 35 Regions Visited 6 Branch Regions 4 Pre-discovered Areas 3 | . . 1 . 1 1 . Known Exits Taken . | . . . . . . . Unknown Exits Taken 6 | 1 1 1 1 1 1 . Scrap Searched 6 | . . 1 . 1 4 . Spaces Dug 5 | . . . 5 . . . Terrain Destroyed 203 | . . 1 63 93 17 29 Melee 5 | . . . 5 . . . Projectile 17 | . . 1 3 13 . . AOE 181 | . . . 55 80 17 29 Terrain Rammed . | . . . . . . . Walls Destroyed . | . . . . . . . Machines Disabled . | . . . . . . . Actions | -11 -10 -10 -9 -9 -7 -7 --------- Run | Scr Mat Min Mat Min Zio Dee Total 5126 | 34 719 836 1294 769 1260 214 Wait 215 | . 33 124 31 27 . . Move 4539 | 29 618 667 1151 704 1173 197 Hop . | . . . . . . . Pick Up 44 | . 10 6 14 6 8 . Fast Attach 54 | 5 17 2 19 2 6 3 Attach 9 | . 2 3 1 1 1 1 Detach 4 | . 2 . 2 . . . Swap 13 | . 1 1 5 2 2 2 Drop 35 | . 3 . 12 6 12 2 Fire 197 | . 33 31 53 21 50 9 Melee 12 | . . 2 6 . 4 . Ram . | . . . . . . . Kick . | . . . . . . . Crush . | . . . . . . . Escape Stasis . | . . . . . . . Rewire . | . . . . . . . Trap 4 | . . . . . 4 . Miscellaneous . | . . . . . . . Route ------- -11/Scrapyard -10/Materials (discovered 3 exits: *Mat x2 / [*Min]) -10/Mines (discovered 3 exits: *Mat x2 / [*Exi]) -9/Materials (discovered 4 exits: *Mat x3 / *Min) -9/Mines (discovered 3 exits: *Mat x2 / *Zio) -7/Zion (discovered 2 exits: [*Dee] / [*Pro]) -7/Deep Caves History --------- Turn | Location | Event 20 | -11/Scrapyard | Discovered new exit (range 15) 32 | -11/Scrapyard | Entered Materials 159 | -10/Materials | Discovered new exit (range 12) 185 | -10/Materials | Lost 5 parts (1p2n2w) 189 | -10/Materials | Discovered new exit (range 15) 253 | -10/Materials | Core integrity fell below 50% 302 | -10/Materials | Build established: Mutant 716 | -10/Materials | Discovered new exit (range 12) 733 | -10/Materials | Entered Mines 741 | -10/Mines | Met a Derelict bent on vengeance 796 | -10/Mines | Excavation squad dispatched 796 | -10/Mines | A large section of the Mines collapsed 948 | -10/Mines | Core integrity fell below 20% 995 | -10/Mines | Lost 4 parts (1n3w) 1020 | -10/Mines | Found a hidden stash of uninstalled traps 1046 | -10/Mines | Excavation squad dispatched 1155 | -10/Mines | Discovered new exit (range 14) 1251 | -10/Mines | Assisted by bots powering up and referring to "LRC-V3" 1284 | -10/Mines | Discovered new exit (range 5) 1419 | -10/Mines | Learned location of Storage (-7) 1479 | -10/Mines | Deemed a non-threat by the Exiles lab entrance 1479 | -10/Mines | Discovered new exit (range 5) 1542 | -10/Mines | Learned location of 1 exit from Materials 1598 | -10/Mines | Entered Materials 1598 | -9/Materials | Accompanied by 3 allies 1598 | -9/Materials | Evolved 2 slots: Utility x1, Weapon x1 1599 | -9/Materials | Identified exit to Materials 1603 | -9/Materials | Led the pair of lost Derelicts to an unsafe place 1690 | -9/Materials | Destroyed 7 combat bots 1908 | -9/Materials | Discovered exit to Materials (range 15) 2064 | -9/Materials | Discovered new exit (range 14) 2326 | -9/Materials | Lost 4 parts (1p1u2w) 2936 | -9/Materials | Build established: Hauler-Mutant 2965 | -9/Materials | Discovered exit to Materials (range 8) 3087 | -9/Materials | Entered Mines 3087 | -9/Mines | Accompanied by 1 ally 3125 | -9/Mines | A Derelict revealed a hidden shortcut to a safe place 3184 | -9/Mines | Assembled infested the area 3232 | -9/Mines | Learned Materials terminal intel 3379 | -9/Mines | Met a Derelict shopkeep closing up shop 3631 | -9/Mines | Received a Rocket Launcher from a helpful Derelict 3674 | -9/Mines | Discovered exit to Materials (range 10) 3694 | -9/Mines | Build established: Hauler-Gunner 3807 | -9/Mines | Core integrity fell below 50% 3884 | -9/Mines | Discovered exit to Materials (range 8) 4006 | -9/Mines | Entered Zion 4068 | -7/Zion | Discovered new exit (range 16) 4100 | -7/Zion | Build established: Hauler-Mutant 4191 | -7/Zion | System corruption cleaned by Quarantine Array 4377 | -7/Zion | Learned location of Quarantine (-2) 4539 | -7/Zion | Found Prototype Device 4613 | -7/Zion | Learned Factory stockpile data 5215 | -7/Zion | Attacked by Zionites 5260 | -7/Zion | Destroyed Imprinter 5266 | -7/Zion | Extracted access codes from Imprinter's data core 5550 | -7/Zion | Lost 3 parts (3w) 5633 | -7/Zion | Opened final containment barrier to the Deep Caves 5665 | -7/Zion | Discovered new exit (range 3) 5665 | -7/Zion | Saw the warning signs outside the Deep Caves entrance 5675 | -7/Zion | Entered Deep Caves 5837 | -7/Deep Caves | Z-Facility disabled 5853 | -7/Deep Caves | Core integrity fell below 20% 5879 | -7/Deep Caves | Lost 3 parts (1p1n1w) 6100 | -7/Deep Caves | Destroyed by OP-5VA(z) with Zionite Laser-S Last Messages --------------- 05851_ 13-DWG(z) destroyed. 05853_ HC-T8T(z) destroyed. 05853_ FM-RGC(z) destroyed. 05853_ 9S-RL6(z) destroyed. 05855_ The unstable cave ceiling collapses. 05865_ Acquired 15 matter. 05869_ Acquired 5 matter. 05880_ Acquired Prototype Reactor. 05880_ Identified Zio. Light DM Reactor. 05890_ The unstable cave ceiling collapses. 05941_ Acquired Prototype Leg. 05941_ Identified Zio. Composite Leg I. 05982_ Dropped Med. Treads. 05983_ Acquired Prototype Hover Unit. 05983_ Identified Zio. Glidesys I. 05986_ Dropped Zio. Composite Leg I. 06005_ The unstable cave ceiling collapses. 06093_ Rocket Launcher destroyed. 06094_ Grenade Launcher destroyed. 06100_ Zio. Glidesys I destroyed. Map ----- +----------------------------------------------------+ | ?????????????????# ! | | ?????????????????## | | ??????????????????### | | ????????????????????## | | ????????????????????# " """ | | ?????????????????#### """"""" | | ????????????????## # """""""" | | ????????????????#== """""""" | | ????????????????# !# """""""" | | ????????????????##### """""""" | | ???????????????????## """????? | | ???????????????????# """????? | | ???????????????????## """????? | | ?????????????????#### ""?????? | | ????????????????## # "?????? | | ????????????????# ""????? | | ????????????????# ""????? | | ????????????????# ""????? | | ????????????????## "?????? | | ?????????????????### "?????? | | ???????????????????# "?????? | | ???????????????????## ??????? | | ????????????????????# ???????? | | ????????????????????## ??????? | | ?????????????????????# ??????? | | ?????????????????????# @ ?????? | | ????????????????# # ?????? | | ????????????????# ?????? | | ???????????????# ?????? | | ???????????? ?????? | | ???????????? ??????? | | ???????????? ??????? | | ????????????#### ???????? | | ???????????????# ???????? | | ???????????????### ???????? | | ?????????????????# ????????? | | ?????????????????## ????????? | | ??????????????????# z ?????????? | | ??????????????????# ### ###?????????? | | ??????????????????## ###?? #???????????? | | ???????????????????? #?????#?????????????? | | ???????????????????????######????????????????????? | | ?????????????????????????????????????????????????? | | | | | | | | | | | | | | | +----------------------------------------------------+ Best States ------------- Heat Dissipation 42 Energy Generation 27 Energy Capacity 265 Matter Stores 300 Matter Capacity 300 Sight Range 16 Terrain Scan Density 10 Evasion (%) 50 Recoil Reduction 2 Item Schematics ----------------- Structural Scanner | -9/Materials | Scanalyzed Robot Schematics ------------------ None Fabricated ------------ Nothing Alien Tech Used ----------------- None Achievements -------------- None Challenges ------------ None Game ------ Seed HoverSeismicBeam Manual? 0 Play Time 00:51:19 Cumulative 202.1 hours Start 2021.02.16 @ 00:10:18 End 2021.02.16 @ 01:00:32 Sessions 1 Manual Loads 0 Difficulty Rogue Special Mode None Game No. 86 Rogue 82 Adventurer 0 Explorer 4 Win Type - Total 12 Types 4/0/2/2/0/2/2/0/0 Lore% 73 Gallery% 78 Achievement% 67 Wizard Run 0 Options --------- ASCII 0 Keyboard 0 Movement Mouse Keybinds 0 Fullscreen 1 Font 18/SmallcapsGlow Map View 76x50 Tactical HUD 1 Map Filters NONE Filters NONE Steam 1 RUN: b05f45a6-38b0-446c-98fe-83ed9709b3c4